 Dungeon Crawl Stone Soup version 0.29.1-1-gd02db6906a (webtiles) character file.

Game seed: 6425187376996001105

5922 xian the Geomancer (level 10, -5/70 HPs)
             Began as a Demonspawn Earth Elementalist on Oct 1, 2022.
             Slain by a freezing wraith (9 damage)
             ... on level 10 of the Dungeon.
             The game lasted 00:33:25 (13167 turns).

xian the Geomancer (Demonspawn Earth Elementalist) Turns: 13167, Time: 00:33:25

Health: -5/70      AC: 16    Str: 15    XL:     10   Next: 53%
Magic:  7/22       EV: 12    Int: 21    God:
Gold:   303        SH:  4    Dex: 13    Spells: 16/26 levels left

rFire   . . .      SeeInvis +   c - +7 trident
rCold   . . .      Faith    .   (no shield)
rNeg    + . .      Spirit   .   q - +3 leather armour {rN+}
rPois   .          Reflect  .   w - +2 helmet
rElec   .          Harm     .   (no cloak)
rCorr   .          Rampage  .   p - +2 pair of gloves
Will    .....                   (no boots)
Stlth   ++........              (no amulet)
HPRegen 0.21/turn               y - +6 ring of strength
MPRegen 0.18/turn               G - ring of see invisible

@: no status effects
A: claws 2, demonic guardian 1, icemail 1, condensation shield
a: no special abilities


You were on level 10 of the Dungeon.
You visited 1 branch of the dungeon, and saw 10 of its levels.

You collected 398 gold pieces.
You spent 95 gold pieces at shops.

Inventory:

Hand Weapons
 c - a +7 trident (weapon)
 C - a +1 dagger of protection
Missiles
 l - 2 throwing nets
Armour
 j - a +0 crystal plate armour
 o - the +1 robe "Leilaf" {rC+ rN+}
   (You found it on level 3 of the Dungeon)

   rC:        It protects you from cold.
   rN:        It protects you from negative energy.
 p - a +2 pair of gloves (worn)
 q - a +3 leather armour of positive energy (worn)
 w - a +2 helmet (worn)
Jewellery
 y - a +6 ring of strength (left hand)
 G - a ring of see invisible (right hand)
Wands
 r - a wand of iceblast (8)
 t - a wand of light (16)
 z - a wand of charming (6)
Scrolls
 a - a scroll of amnesia
 f - a scroll of enchant armour
 g - 4 scrolls of vulnerability
 m - a scroll of fear
 n - 4 scrolls of immolation
 s - 2 scrolls of noise
 u - a scroll of poison
 v - a scroll of enchant weapon
 D - 2 scrolls of fog
 F - a scroll of identify
 H - a scroll of blinking
Potions
 b - a potion of magic
 d - 2 potions of brilliance {unknown}
 e - a potion of curing
 h - 3 potions of haste {unknown}
 i - a potion of ambrosia {unknown}
 k - 2 potions of might {unknown}
 x - 3 potions of heal wounds {unknown}
 A - a potion of mutation {unknown}
 B - a potion of cancellation
 E - a potion of lignification


   Skills:
 + Level 3.4 Fighting
 + Level 2.0 Short Blades
 + Level 3.2 Polearms
 + Level 3.1 Armour
 + Level 3.8 Dodging
 + Level 4.0 Stealth
 + Level 1.9 Shields
 + Level 8.5 Spellcasting
 + Level 2.7 Conjurations
 + Level 1.0 Transmutations
 + Level 8.6 Earth Magic


You had 16 spell levels left.
You knew the following spells:

 Your Spells              Type           Power      Damage    Failure   Level
a - Sandblast             Erth           90%        2d19      1%          1
b - Passwall              Tmut/Erth      24%        N/A       1%          2
c - Stone Arrow           Conj/Erth      66%        3d11      2%          3
d - Petrify               Tmut/Erth      29%        N/A       12%         4

Your spell library contained the following spells:

 Spells                   Type           Power      Damage    Failure   Level
 Shock                    Conj/Air       56%        1d6       5%          1
 Beastly Appendage        Tmut           26%        N/A       6%          1
 Wereblood                Tmut           13%        N/A       9%          2
 Spider Form              Tmut/Pois      11%        N/A       22%         3
 Swiftness                Air            9%         N/A       28%         3
 Hailstorm                Conj/Ice       14%        3d5       45%         4
 Ice Form                 Ice/Tmut       11%        N/A       58%         4
 Airstrike                Air            4%         2d(1-17)  67%         4
 Simulacrum               Ice/Necr       4%         N/A       100%        6


Dungeon Overview and Level Annotations

Branches:
Dungeon (10/15)            Temple (0/1) D:5             Orc (0/2) D:9
   Lair: D:8-11

Altars:
Dithmenos
Fedhas
Okawaru
Ru
Xom

Shops:
D:3 [   D:4 (

Annotations:
D:9 1 runed translucent door, bakla's ghost, journeyman MeFE
D:10 Gastronok


Innate Abilities, Weirdness & Mutations

You have very sharp fingernails.
A weak demonic guardian rushes to your aid.
A meltable icy envelope protects you from harm. (AC +4)
A meltable shield of frost defends you. (SH +4)


Message History

The freezing wraith is blinded.
You feel sick. The hornet closely misses you.
Reach: c) +7 trident
Press: ? - help, Dir - move target, f/p - hornet
Aim: a hornet (severely wounded, wandering, blind, hasn't noticed you, about 46% to evade your +7 trident)
You puncture the hornet!
The hornet is almost dead.
You feel sick.
You are no longer poisoned.
The hornet misses you. You block the hornet's attack.
The hornet barely misses you.
You puncture the hornet!
You kill the hornet!
The freezing wraith closely misses you. The freezing wraith barely misses you.
Your Stealth skill increases to level 4!
Your Transmutations skill increases to level 1!
You strike the helpless freezing wraith from behind!
You hit the freezing wraith.
The freezing wraith is lightly damaged.
The freezing wraith barely misses you. The freezing wraith closely misses you.
You block the freezing wraith's attack. The freezing wraith closely misses you.
You catch the helpless freezing wraith completely off-guard!
You hit the freezing wraith.
The freezing wraith is lightly damaged.
The freezing wraith hits you but does no damage.
The freezing wraith closely misses you.
The freezing wraith completely misses you.
The freezing wraith barely misses you.
You hit the freezing wraith but do no damage.
The freezing wraith is lightly damaged.
The freezing wraith hits you!
* * * LOW HITPOINT WARNING * * *
The freezing wraith freezes you!
* * * LOW HITPOINT WARNING * * *
A demonic guardian appears!
The freezing wraith hits you but does no damage.
You feel yourself speed up.
The freezing wraith is no longer blind.
The freezing wraith hits you.
* * * LOW HITPOINT WARNING * * *
The freezing wraith freezes you!
You die...

.....# #...........# .....#
#.#...####... .....# #.#..##
###. .....# #.#..# #. .....#
#.#.### #. .y...# #.#...# ##
####### #.###.# #.
#####.############# #.###.#
#.
......#...#....W@5###.#...###
#.
###.#.#..###.####.#.........#
#. .............#
#.#.###.#.#######
.#.....#.##### #...#
#.#........ .#.>......<#
##### ###########
.........### ###.#.##.#
....#.##.# #####....#


You could see a freezing wraith (ally target) and a friendly quasit (summoned).

Vanquished Creatures
  Joseph (D:10)
  An unseen horror (D:10)
  A troll (D:9)
  A hornet (D:10)
  4 yaks (D:9)
  A steam dragon (D:7)
  A water moccasin (D:7)
  An acid dragon (D:10)
  A black bear (D:6)
  An ice beast (D:8)
  An orc warrior (D:9)
  A sky beast (D:8)
  6 centaurs
  A kobold brigand (D:6)
  6 bullfrogs
  2 necrophages
  2 scorpions
  15 wights
  3 killer bees (D:10)
  9 howler monkeys
  3 orc priests
  3 hounds (D:5)
  3 orc wizards
  Natasha (thrice) (D:3)
  5 iguanas
  7 gnolls
  4 adders
  A shadow imp (D:5)
  An ufetubus (D:5)
  3 worms
  3 dart slugs
  21 orcs
  6 endoplasms
  2 giant cockroaches
  4 goblins
  5 hobgoblins
  7 jackals
  3 quokkas
  5 ball pythons
  2 bats (D:2)
  4 frilled lizards
  13 kobolds
  12 rats
179 creatures vanquished.

Vanquished Creatures (collateral kills)
  2 yaks
  A steam dragon (D:8)
  A centaur (D:5)
  An adder (D:3)
5 creatures vanquished.

Vanquished Creatures (others)
  6 fungi (D:10)
  23 plants
29 creatures vanquished.

Grand Total: 213 creatures vanquished

Notes
Turn   | Place    | Note
-------+----------+-------------------------------------------
     0 | D:1      | xian the Demonspawn Earth Elementalist began the quest for
                  | the Orb.
     0 | D:1      | Reached XP level 1. HP: 13/13 MP: 3/3
   285 | D:1      | Gained mutation: A meltable shield of frost defends you.
                  | (SH +4) [demonic ancestry]
   285 | D:1      | Reached XP level 2. HP: 19/19 MP: 3/5
   407 | D:1      | Learned a level 2 spell: Passwall
  1078 | D:2      | Found a faded altar of an unknown god.
  1112 | D:2      | Gained mutation: A meltable icy envelope protects you from
                  | harm. (AC +4) [demonic ancestry]
  1112 | D:2      | Reached XP level 3. HP: 24/24 MP: 2/6
  1185 | D:2      | Learned a level 3 spell: Stone Arrow
  1843 | D:3      | Identified the +1 robe "Leilaf" {rC+ rN+}
  1859 | D:3      | Found a shimmering altar of Xom.
  1878 | D:3      | Noticed Natasha
  1882 | D:3      | Killed Natasha
  1883 | D:3      | Gained mutation: A weak demonic guardian rushes to your
                  | aid. [demonic ancestry]
  1883 | D:3      | Reached XP level 4. HP: 22/30 MP: 5/8
  2117 | D:3      | Found Gicicuch's Antique Armour Emporium.
  2195 | D:3      | Bought a glowing leather armour for 95 gold pieces
  2392 | D:3      | Noticed Natasha
  2396 | D:3      | Killed Natasha
  2466 | D:3      | Noticed Natasha
  2473 | D:3      | Killed Natasha
  2474 | D:3      | Reached XP level 5. HP: 32/35 MP: 5/10
  2896 | D:4      | Found Tubranui's Antique Weapon Emporium.
  2966 | D:4      | Reached skill level 1 in Fighting
  3927 | D:5      | Entered Level 5 of the Dungeon
  3933 | D:5      | Gained mutation: You have sharp fingernails. [demonic
                  | ancestry]
  3933 | D:5      | Reached XP level 6. HP: 43/43 MP: 8/12
  4721 | D:5      | Found a staircase to the Ecumenical Temple.
  4745 | D:5      | Gained mutation: You have very sharp fingernails. [demonic
                  | ancestry]
  4745 | D:5      | Reached XP level 7. HP: 50/50 MP: 4/14
  4801 | D:5      | Reached skill level 5 in Spellcasting
  4939 | D:5      | Reached skill level 1 in Short Blades
  5353 | D:5      | Reached skill level 5 in Earth Magic
  5374 | D:5      | Learned a level 4 spell: Petrify
  5396 | D:5      | Reached skill level 1 in Armour
  5735 | D:5      | Reached XP level 8. HP: 49/56 MP: 16/16
  6728 | D:6      | Reached skill level 1 in Conjurations
  6816 | D:6      | Reached skill level 1 in Shields
  6983 | D:6      | Found a shadowy altar of Dithmenos.
  6994 | D:6      | Found a sacrificial altar of Ru.
  7306 | D:7      | Reached XP level 9. HP: 61/62 MP: 9/19
  9682 | D:9      | Reached skill level 1 in Polearms
  9887 | D:9      | Reached XP level 10. HP: 28/68 MP: 18/22
 10942 | D:9      | Found a runed translucent door.
 10942 | D:9      | Noticed bakla's ghost (journeyman MeFE)
 11125 | D:9      | Found a staircase to the Orcish Mines.
 11613 | D:10     | Entered Level 10 of the Dungeon
 11613 | D:10     | Noticed Joseph
 11626 | D:10     | Killed Joseph
 11665 | D:10     | Found an iron altar of Okawaru.
 12192 | D:10     | Found a blossoming altar of Fedhas.
 12194 | D:10     | Noticed Gastronok
 13157 | D:10     | Paralysed by a hornet for 3 turns
 13164 | D:10     | Reached skill level 1 in Transmutations
 13167 | D:10     | Slain by a freezing wraith

Illustrated notes

Levels and vault maps discovered:
D:1:      minmay_arrival_pointy, layout_basic
D:2:      layout_basic, hellmonk_ecumenical_altar_arch_garden, nrook_campfire,
          chequers_serial_rivers_micro_c
D:3:      layout_basic, mainiacjoe_overflow_chevrons, serial_shops, shop,
          minmay_puff, uniq_natasha
D:4:      layout_basic, serial_shops, nicolae_shop_statue_plus, serial_rivers,
          chequers_serial_rivers_small_b, chequers_serial_rivers_large_a,
          chequers_serial_rivers_marsh, chequers_serial_rivers_small_3,
          chequers_serial_rivers_marsh, chequers_serial_rivers_small_b
D:5:      layout_gridville, minmay_temple_entry_mini_moons
D:6:      layout_basic, minitemple, amcnicky_mini_rare_corridor_liquid,
          lexackson_kobold_supper
D:7:      layout_loops_ring, serial_rivers, chequers_serial_rivers_micro_e,
          chequers_serial_rivers_micro_c, chequers_serial_rivers_micro_b,
          chequers_serial_rivers_small_b, chequers_serial_rivers_micro_c,
          minmay_liquid_box
D:8:      layout_basic, minmay_fountain_box
D:9:      layout_loops_corners, orc_0_dummy, ebering_ghost_inner_flame
D:10:     layout_basic, mainiacjoe_overflow_concentric_impassable,
          fedhas_altar_3, uniq_joseph, uniq_gastronok

Skill      XL: |  1  2  3  4  5  6  7  8  9 10 |
---------------+-------------------------------+-----
Stealth        | 2 3 4 |  4.0
Earth Magic    | 3 4 5 6 8 |  8.6
Dodging        | 2 3 |  3.8
Spellcasting   | 3 4 5 6 8 |  8.5
Fighting       | 1 2 3 |  3.4
Short Blades   | 1 2 |  2.0
Armour         | 1 2 3 |  3.1
Conjurations   | 1 2 |  2.7
Shields        | 1 |  1.9
Polearms       | 1 3 |  3.2
Transmutations | 1 |  1.0

Action                   |  1- 3 |  4- 6 |  7- 9 | 10-12 || total
-------------------------+-------+-------+-------+-------++-------
Melee: Unarmed           |     7 |       |       |       ||     7
       Short sword       |    15 |    29 |    49 |       ||    93
       Punch             |       |     1 |     2 |       ||     3
       Dagger            |       |       |    10 |       ||    10
       Trident           |       |       |    50 |    68 ||   118
 Cast: Sandblast         |    57 |    77 |   115 |    13 ||   262
       Stone Arrow       |       |    10 |    30 |    16 ||    56
       Petrify           |       |       |       |     6 ||     6
Evoke: Wand              |       |     1 |       |     1 ||     2
  Use: Scroll            |       |    11 |     7 |     1 ||    19
       Potion            |       |     2 |     1 |     1 ||     4
 Stab: Invisible         |       |     1 |       |     2 ||     3
       Sleeping          |       |       |     1 |     1 ||     2
       Petrified         |       |       |       |     2 ||     2
       Petrifying        |       |       |       |     1 ||     1
Armor: Robe              |     8 |       |       |       ||     8
       Leather armour    |       |    34 |   141 |    47 ||   222
Dodge: Dodged            |    35 |    54 |   129 |    70 ||   288
Block: Other             |     6 |    18 |    48 |    18 ||    90
